 Dungeon Crawl Stone Soup version 0.30-a0-779-g7971cf19c3 (webtiles) character file.

Game seed: 2102293701308230622

529 Wobber the Changer (level 7, -2/43 HPs)
             Began as an Octopode Transmuter on Feb 17, 2023.
             Slain by a black bear (5 damage)
             ... on level 4 of the Dungeon.
             The game lasted 00:10:03 (2833 turns).

Wobber the Changer (Octopode Transmuter)            Turns: 2833, Time: 00:10:04

Health: -2/43      AC:  1    Str: 11    XL:     7   Next: 23%
Magic:  12/12      EV: 13    Int: 17    God:
Gold:   147        SH:  0    Dex: 13    Spells: 6/13 levels left

rFire   + . .      SeeInvis .      - Unarmed
rCold   x . .      Faith    .    (no shield)
rNeg    + + .      Spirit   .    (helmet restricted)
rPois   .          Reflect  .    (no amulet)
rElec   +          Harm     .    j - ring of positive energy
rCorr   .          Rampage  .    l - ring of willpower
Will    +....                    k - ring of positive energy
Stlth   ++                       c - ring "Uqeidar" {Fire rElec Str+2}
HPRegen 0.27/turn                (no ring)
MPRegen 0.13/turn                (no ring)
                                 (no ring)
                                 (no ring)

@: flying
A: almost no armour, amphibious, 8 rings, camouflage 1, gelatinous body 1,
(nimble swimmer 1), tentacles
a: no special abilities


You were on level 4 of the Dungeon.
You visited 1 branch of the dungeon, and saw 4 of its levels.

You collected 147 gold pieces.

Inventory:

Missiles
 m - 11 poisoned darts
 q - 2 silver boomerangs
Jewellery
 c - the ring "Uqeidar" (on tentacle) {Fire rElec Str+2}
   (You acquired it on level 2 of the Dungeon)

   [ring of fire]

   It enhances your fire magic.
   Str:       It affects your strength (+2).
   rF:        It protects you from fire.
   rC:        It makes you vulnerable to cold.
   rElec:     It insulates you from electricity.
 j - a ring of positive energy (left tentacle)
 k - a ring of positive energy (on tentacle)
 l - a ring of willpower (right tentacle)
Scrolls
 d - a scroll of amnesia
 h - a scroll of fog
Potions
 a - 3 potions of lignification
 e - a potion of flight
 f - a potion of berserk rage {unknown}
 g - a potion of magic {unknown}
 i - a potion of mutation {unknown}
 n - 2 potions of attraction
 o - a potion of might {unknown}
 p - a potion of heal wounds {unknown}
 r - a potion of invisibility {unknown}


   Skills:
 - Level 1.0 Fighting
 - Level 2.0 Dodging
 - Level 3.0 Unarmed Combat
 + Level 3.5 Spellcasting
 * Level 5.1 Transmutations
 * Level 4.4 Ice Magic


You had 6 spell levels left.
You knew the following spells:

 Your Spells              Type           Power      Damage    Failure   Level
a - Beastly Appendage     Tmut           40%        N/A       1%          1
b - Wereblood             Tmut           20%        N/A       3%          2
c - Ice Form              Ice/Tmut       19%        N/A       24%         4

Your spell library contained the following spells:

 Spells                   Type           Power      Damage    Failure   Level
 Spider Form              Tmut/Pois      11%        N/A       17%         3


Dungeon Overview and Level Annotations

Branches:
Dungeon (4/15)
 Temple: D:4-7

Altars:
Okawaru

Shops:
D:1 (   D:2 (


Innate Abilities, Weirdness & Mutations

You cannot wear most types of armour.
You are amphibious.
You can wear up to eight rings at the same time.
Your skin changes colour to match your surroundings (Stealth+).
Your rubbery body absorbs attacks. (AC +1, EV +1)
((You are camouflaged when in or above water. (Stealth+)))
You have tentacles for arms and can constrict up to eight enemies at once.


Message History

You howl as the wereblood boils in your veins!
You constrict the gnoll, but do no damage.
The gnoll hits you with a +1 spear of flaming!
The gnoll burns you.
You tentacle-slap the gnoll.
The gnoll is severely wounded.
You hear the rusting of a very distant drain.
You constrict the gnoll. The gnoll barely misses you.
You tentacle-slap the gnoll.
You feel a bit better.
You kill the gnoll!
You barely miss the dart slug.
The black bear growls angrily.
You grab the dart slug.
Your primal bloodlust has ended.
You constrict the dart slug.
A giant cockroach comes into view.
The black bear bites you. The black bear barely misses you. x2
You tentacle-slap the dart slug.
The dart slug is almost dead.
You constrict the dart slug.
You kill the dart slug!
The black bear bites you. The black bear barely misses you.
The black bear claws you.
You see here a +0 club.
You tentacle-slap the black bear. Your grab misses the black bear.
The black bear is lightly wounded.
The black bear bites you!
* * * LOW HITPOINT WARNING * * *
The black bear claws you.
* * * LOW HITPOINT WARNING * * *
The black bear closely misses you.
Okay, then.
It was a potion of flight.
You feel very buoyant.
You fly up into the air.
The giant cockroach bites you but does no damage.
The giant cockroach bites you.
* * * LOW HITPOINT WARNING * * *
The black bear bites you.
You die...

.w................ ###
..................
#..#...............###
#..g...........#.#.. ##
#..............###.#
#..##.......#..... ##..###
.......g)...#...# #....#.
.......)###)....####....#.
.......))@hS#...#.........
.#.......BB.##.###........
#...#.##...#..##.........
#..### ##.....###........
##. ##........#...... #
###.##.#.#.....†
#.##.###...... ######
##..... ##....


You could see a black bear, an adder and 2 giant cockroaches.

Vanquished Creatures
  Sigmund (D:3)
  An ogre (D:4)
  A scorpion (D:4)
  3 orc wizards
  3 gnolls (D:4)
  4 adders
  A dart slug (D:4)
  8 orcs
  3 ball pythons
  9 endoplasms
  4 giant cockroaches
  7 goblins
  5 hobgoblins
  6 jackals
  10 kobolds
  2 quokkas (D:1)
  6 bats
  3 frilled lizards
  6 rats
83 creatures vanquished.

Notes
Turn   | Place    | Note
-------+----------+-------------------------------------------
     0 | D:1      | Wobber the Octopode Transmuter began the quest for the Orb.
     0 | D:1      | Reached XP level 1. HP: 13/13 MP: 3/3
    71 | D:1      | Reached XP level 2. HP: 18/18 MP: 3/5
   191 | D:1      | Reached skill level 1 in Ice Magic
   531 | D:1      | Found Natasoo's Weapon Shoppe.
   584 | D:1      | Reached XP level 3. HP: 20/23 MP: 4/6
   730 | D:1      | Learned a level 2 spell: Wereblood
  1002 | D:2      | Found an iron altar of Okawaru.
  1022 | D:2      | Found Zacet's Weapon Boutique.
  1073 | D:2      | Reached skill level 3 in Transmutations
  1110 | D:2      | Reached XP level 4. HP: 23/28 MP: 5/7
  1172 | D:2      | Learned a level 4 spell: Ice Form
  1848 | D:3      | Noticed Sigmund
  1905 | D:3      | Reached XP level 5. HP: 33/33 MP: 5/8
  2198 | D:2      | Identified a scroll of acquirement
  2198 | D:2      | Acquired the ring "Uqeidar" {Fire rElec Str+2}
  2213 | D:3      | Killed Sigmund
  2214 | D:3      | Reached skill level 4 in Transmutations
  2214 | D:3      | Reached XP level 6. HP: 38/38 MP: 6/10
  2588 | D:4      | Noticed a black bear
  2774 | D:4      | Reached XP level 7. HP: 16/43 MP: 10/12
  2816 | D:4      | Reached skill level 5 in Transmutations
  2833 | D:4      | Slain by a black bear

Illustrated notes

Levels and vault maps discovered:
D:1:      tarquinn_simple_flora_water_e, layout_basic, serial_shops, shop
D:2:      layout_basic, serial_shops, nicolae_shop_crystal, basic_altar
D:3:      layout_basic, st_stairs_10, uniq_sigmund
D:4:      layout_cave_pools, cheibrodos_sewer_entry_drain, minmay_manual_mail,
          uniq_blork_the_orc

Skill      XL: |  1  2  3  4  5  6  7 |
---------------+----------------------+-----
Ice Magic      | 1 2 3 4 |  4.4
Transmutations | 3 4 5 |  5.1
Spellcasting   | 3 |  3.5
Fighting       | |  1.0
Dodging        | |  2.0
Unarmed Combat | |  3.0

Action                     |  1- 3 |  4- 6 |  7- 9 || total
---------------------------+-------+-------+-------++-------
  Melee: Unarmed           |    79 |    71 |    25 ||   175
         Tentacles         |    18 |    14 |     6 ||    38
         Constrict         |    25 |    18 |    11 ||    54
         Kick              |    28 |    27 |    11 ||    66
         Punch             |     2 |     1 |     1 ||     4
   Cast: Beastly Appendage |    27 |    21 |     1 ||    49
         Wereblood         |       |     5 |     1 ||     6
         Ice Form          |       |     1 |       ||     1
    Use: Scroll            |       |    10 |       ||    10
         Potion            |       |     1 |     2 ||     3
   Stab: Sleeping          |     4 |     5 |       ||     9
 Armour: Skin              |     7 |     3 |     2 ||    12
  Dodge: Dodged            |    42 |    42 |    15 ||    99

Table legend: (Time is in decaauts)
 A = Elapsed time spent in this place.
 B = Non-inter-level travel time spent in this place.
 C = Inter-level travel time spent in this place.
 D = Time resting spent in this place.
 E = Time spent auto-exploring this place.
 F = Levels seen in this place.
 G = Mean time per level.
                   A        B        C        D        E       F      G
               +--------+--------+--------+--------+--------+-----+--------+
         Total |   2825 |   2531 |    294 |    139 |   1659 |   4 |  706.2 |
       Dungeon |   2825 |   2531 |    294 |    139 |   1659 |   4 |  706.2 |
               +--------+--------+--------+--------+--------+-----+--------+

Top non-repeatable levels by time:
     D:2: 943 daAuts
     D:3: 911 daAuts
     D:1: 804 daAuts
     D:4: 166 daAuts
